Construct Infanterie Kompanie
Selects Luftwaffe Battlegroup
Selects Luftwaffe Pioneer Support
Fallschirmpioneer Squad Paradrop
Fallschirmpioneer Squad Paradrop
Fallschirmpioneer Squad Paradrop
Infanterie Officer Quarters
Fallschirmpioneer Squad Paradrop
Selects LG40 Recoilless Gun Paradrop
LG40 Recoilless Gun Paradrop
Construct Panzergrenadier Kompanie
Nebelwerfer 42 Rocket Launcher Team
LG40 Recoilless Gun Paradrop
Nebelwerfer 42 Rocket Launcher Team
Nebelwerfer 42 Rocket Launcher Team